 Dungeon Crawl Stone Soup version 0.32-a0-612-g1c984fe9d1 (webtiles) character file.

Game seed: 8095233808396262982

4 CougarLife the Digger (level 1, 0/10 HPs)
             Began as a Gargoyle Earth Elementalist on Mar 4, 2024.
             Slain by a gnoll
             ... wielding a +0 spear
              (6 damage)
             ... on level 1 of the Dungeon.
             The game lasted 00:00:06 (174 turns).

CougarLife the Digger (Gargoyle Earth Elementalist)  Turns: 174, Time: 00:00:06

Health: 0/10       AC:  4    Str: 11    XL:     1   Next: 60%
Magic:  2/3        EV: 11    Int: 15    God:
Gold:   24         SH:  0    Dex: 10    Spells: 3/4 levels left

rFire   . . .        (no weapon)
rCold   . . .        (no shield)
rNeg    + . .        a - +0 robe
rPois   ∞            (no helmet)
rElec   +            (no cloak)
rCorr   .            (no gloves)
SInv    .            (no boots)
Will    .....        (no amulet)
Stlth   ++           (no ring)
HPRegen 0.21/turn    (no ring)
MPRegen 0.08/turn

%: no passive effects
@: no status effects
A: sickness immunity, AC +2, negative energy resistance 1, electricity
resistance, torment resistance 1, petrification resistance
a: no special abilities


You were on level 1 of the Dungeon.
You visited 1 branch of the dungeon, and saw 1 of its levels.

You collected 24 gold pieces.

Inventory:

Armour
 a - a +0 robe (worn)
Scrolls
 d - 2 scrolls of teleportation {unknown}
Potions
 b - 2 potions of magic
 c - a potion of curing {unknown}
 e - a potion of invisibility {unknown}
 f - a potion of attraction {unknown}


   Skills:
 - Level 1.5 Dodging
 - Level 2.1 Stealth
 + Level 2.1 Spellcasting
 + Level 1.3 Conjurations
 + Level 3.7 Earth Magic


You had 3 spell levels left.
You knew the following spells:

 Your Spells              Type           Power      Damage    Failure   Level
a - Sandblast             Erth           24%        2d8       4%          1

Your spell library contained the following spells:

 Spells                   Type           Power      Damage    Failure   Level
 Passwall                 Erth           12%        N/A       14%         3
 Stone Arrow              Conj/Erth      18%        3d8       22%         3
 Brom's Barrelling Bould  Conj/Erth      9%         2d3       58%         4
 Petrify                  Alch/Erth      7%         N/A       71%         4


Dungeon Overview and Level Annotations

Branches:
Dungeon (1/15)

Altars:


Innate Abilities, Weirdness & Mutations

You are immune to sickness and miasma.
Your stone body is resilient. (AC +2)
You are immune to poison.
You resist negative energy. (rN+)
You are resistant to electric shocks. (rElec)
You are resistant to unholy torment.
You are immune to petrification.


Message History

No target in view!
You can't see any susceptible monsters within range! (Use Z to cast anyway.)
You now have 24 gold pieces (gained 13).
Found a leather armour.
No target in view!
You can't see any susceptible monsters within range! (Use Z to cast anyway.)
You see here a +0 leather armour.
f - a murky coppery potion No target in view!
You can't see any susceptible monsters within range! (Use Z to cast anyway.)
A bat comes into view.
The bat hits you but does no damage.
The blast of sand hits the bat!
You kill the bat!
Found a club.
You see here a bat corpse.
No target in view!
You can't see any susceptible monsters within range! (Use Z to cast anyway.)
A gnoll comes into view. It is wielding a +0 spear.
Found a scroll labelled VUDO DIGYFENK.
You can't see any susceptible monsters within range! (Use Z to cast anyway.)
A gnoll is nearby!
A bat comes into view.
The gnoll shouts!
Your line of fire to the gnoll is blocked by a plant.
There are monsters nearby!
The bat hits the plant.
The plant begins to die.
Your line of fire to the gnoll is blocked by a plant.
There are monsters nearby!
The gnoll hits you from afar with a +0 spear.
Your line of fire to the gnoll is blocked by a plant.
There are monsters nearby!
The bat hits you but does no damage.
The gnoll hits you from afar with a +0 spear.
The blast of sand hits the bat!
You kill the bat!
A nearby plant withers and dies.
The gnoll hits you from afar with a +0 spear.
Ouch! That really hurt!
You die...

# ##........ #
#...P.P....# #
#?PP.PPP...# #
##########.P)..$.P..# .
........##.....PPP..#
#########....PP..P....#
.......†.....PP.g.P...#
###########...PPP†...#
#.#...@...# #....######
######


You could see a gnoll.

Vanquished Creatures
  A hobgoblin (D:1)
  3 bats (D:1)
  A rat (D:1)
5 creatures vanquished.

Notes
Turn   | Place    | Note
-------+----------+-------------------------------------------
     0 | D:1      | CougarLife the Gargoyle Earth Elementalist began the quest
                  | for the Orb.
     0 | D:1      | Reached XP level 1. HP: 10/10 MP: 3/3
   174 | D:1      | Slain by a gnoll

Illustrated notes

Levels and vault maps discovered:
D:1:      minmay_arrival_hallway, layout_loops_ring, nicolae_grassy_gnolls

Action                     || total
---------------------------++-------
   Cast: Sandblast         ||     6
 Armour: Robe              ||     6

Table legend: (Time is in decaauts)
 A = Elapsed time spent in this place.
 B = Non-inter-level travel time spent in this place.
 C = Inter-level travel time spent in this place.
 D = Time resting spent in this place.
 E = Time spent auto-exploring this place.
 F = Levels seen in this place.
 G = Mean time per level.
                   A        B        C        D        E       F      G
               +--------+--------+--------+--------+--------+-----+--------+
         Total |    176 |    176 |      0 |      0 |    146 |   1 |  176.0 |
       Dungeon |    176 |    176 |      0 |      0 |    146 |   1 |  176.0 |
               +--------+--------+--------+--------+--------+-----+--------+

Top non-repeatable levels by time:
     D:1: 176 daAuts
